 Dungeon Crawl Stone Soup version 0.25-a0-420-g1cc7eeb0d1 (webtiles) character file.

Game seed: 14144355122956702227, levelgen mode: deterministic

236 Eurus the Insei (level 5, 0/42 HPs)
             Began as a Draconian Transmuter on Jan 19, 2020.
             Was a Follower of Sif Muna.
             Slain by an orc priest
             ... wielding a +0 whip
              (6 damage)
             ... on level 3 of the Dungeon.
             The game lasted 00:11:10 (3430 turns).

Eurus the Insei (Draconian Transmuter)              Turns: 3430, Time: 00:11:11

Health: 0/42       AC:  5    Str: 12    XL:     5   Next: 77%
Magic:  6/9        EV: 13    Int: 14    God:    Sif Muna [*.....]
Gold:   196        SH:  0    Dex: 12    Spells: 7/10 levels left

rFire    . . .     SeeInvis .     - Unarmed
rCold    . . .     Gourm    .   (no shield)
rNeg     . . .     Faith    .   (armour unavailable)
rPois    .         Spirit   .   (helmet restricted)
rElec    .         Reflect  .   (no cloak)
rCorr    .         Harm     .   (no gloves)
MR       .....                  (boots currently unavailable)
Stlth    +.........             (no amulet)
HPRegen  0.14/turn              (no ring)
MPRegen  0.11/turn              (no ring)

@: appendage (expiring)
A: unfitting armour, talons 3, cold-blooded, AC +5
a: End Transformation, Channel Magic, Renounce Religion


You were on level 3 of the Dungeon.
You worshipped Sif Muna.
Sif Muna was aware of your devotion.
You were not hungry.
You had grown temporary talons.
You visited 1 branch of the dungeon, and saw 4 of its levels.

You collected 196 gold pieces.

Inventory:

Missiles
 a - 19 arrows
 m - 4 silver boomerangs (quivered)
Jewellery
 i - a +3 ring of strength {unknown}
Scrolls
 d - 5 scrolls of identify
 e - a scroll of immolation {unknown}
 f - a scroll of enchant weapon {unknown}
 h - 2 scrolls of fog {unknown}
 o - a scroll of magic mapping {unknown}
 q - a scroll of teleportation {unknown}
 r - a scroll of amnesia {unknown}
 s - a scroll of remove curse {unknown}
Potions
 b - a potion of invisibility {unknown}
 g - a potion of mutation {unknown}
 j - 2 potions of lignification {unknown}
 k - 3 potions of brilliance
 n - 2 potions of haste {unknown}
 p - a potion of flight {unknown}
Comestibles
 c - 6 rations
 l - 6 chunks of flesh


   Skills:
 + Level 2.5 Fighting
 + Level 2.7 Dodging
 * Level 4.0 Unarmed Combat
 * Level 3.1 Spellcasting
 * Level 3.4 Transmutations


You had 7 spell levels left.
You knew the following spells:

 Your Spells              Type           Power        Failure   Level  Hunger
a - Beastly Appendage     Tmut           ##....       5%          1    #......
b - Sticks to Snakes      Tmut           ##......     8%          2    ##.....

Your spell library contained the following spells:

 Spells                   Type           Power        Failure   Level  Hunger
 Spider Form              Tmut/Pois      #.........   30%         3    ###....
 Ice Form                 Ice/Tmut       #.......     71%         4    #####..
 Blade Hands              Tmut           ##........   82%         5    ######.


Dungeon Overview and Level Annotations

Branches:
Dungeon (4/15)
 Temple: D:4-7

Altars:
Dithmenos
Qazlal
Sif Muna
Uskayaw
Yredelemnul
The Shining One

Annotations:
D:3 Sigmund


Innate Abilities, Weirdness & Mutations

Your plain brown scales are hard. (AC +5)
You cannot fit into any form of body armour.
You are cold-blooded and may be slowed by cold attacks.
You have claws for feet.


Message History

* * * LOW HITPOINT WARNING * * *
What are your orders? t - Shout!
Orders for allies: a - Attack new target. r - Retreat! s - Stop attacking. g - Guard the area. f - Follow me.
Anything else - Cancel.
Okay, then.
Casting: Beastly Appendage (safe; 5% risk of failure)
Confirm with . or Enter, or press ? or * to list all spells.
You create a snake!
You now have 19 arrows.
Your transformation is almost over.
The orc wizard hits you with a +0 dagger.
* * * LOW HITPOINT WARNING * * *
The orc priest hits you but does no damage.
You hit the orc priest.
Your tail-slap misses the orc priest.
The orc priest is heavily wounded.
The orc wizard hits you but does no damage.
The orc priest hits you with a +0 whip.
You die...

....#....##....## ....'...#
#.....### ....#..## #.......# .#.
# รท...#.###.#...#)..## ###..
#'### ##..#....##..###...# ....
#...'.##.##........
...###....#.##..........###
..###..o..#.#..oo..###....#####
.###...oo##.#.#)@..###.........##
# #.....# #.....S......#...###..>
#####'#####.#..###.......o.......
......o........# ##.######..#####
##.....##...#..# ### ##..###
....#########.## ##...## ##..
#..# ###... #.# #### #### #.


You could see an orc priest, an orc wizard and a friendly adder.

Vanquished Creatures
  An orc wizard (D:3)
  Jessica (D:2)
  Terence (D:3)
  Robin (D:2)
  A gnoll (D:1)
  3 adders
  A worm (D:3)
  A dart slug (D:1)
  A leopard gecko (D:2)
  5 orcs
  7 giant cockroaches
  14 goblins
  8 hobgoblins
  13 jackals
  9 kobolds
  2 quokkas
  8 bats
  9 frilled lizards
  5 rats
91 creatures vanquished.

Notes
Turn   | Place    | Note
-------+----------+-------------------------------------------
     0 | D:1      | Eurus the Draconian Transmuter began the quest for the Orb.
     0 | D:1      | Reached XP level 1. HP: 16/16 MP: 3/3
   345 | D:1      | Reached XP level 2. HP: 13/23 MP: 3/5
   924 | D:1      | Reached XP level 3. HP: 27/29 MP: 4/6
  1427 | D:2      | Noticed Jessica
  1444 | D:2      | Killed Jessica
  1444 | D:2      | Reached XP level 4. HP: 35/36 MP: 5/7
  1491 | D:2      | Learned a level 2 spell: Sticks to Snakes
  1708 | D:2      | Found a shadowy altar of Dithmenos.
  1709 | D:2      | Found a basalt altar of Yredelemnul.
  1711 | D:2      | Found a glowing golden altar of the Shining One.
  1711 | D:2      | Found a shimmering blue altar of Sif Muna.
  1719 | D:2      | Became a worshipper of Sif Muna the Loreminder
  1841 | D:2      | Noticed Robin
  1883 | D:2      | Killed Robin
  2464 | D:3      | Noticed Terence
  2485 | D:3      | Killed Terence
  2485 | D:3      | Reached XP level 5. HP: 36/42 MP: 5/9
  2532 | D:3      | Noticed Sigmund
  2782 | D:3      | Noticed an orc warrior
  3011 | D:3      | Reached * piety under Sif Muna
  3133 | D:3      | Reached skill level 4 in Unarmed Combat
  3293 | D:3      | Found a hide-covered altar of Uskayaw.
  3295 | D:3      | Found a stormy altar of Qazlal.
  3394 | D:4      | Identified the +3 chain mail of Wusurane {rElec MR+ Int+4}
  3430 | D:3      | Slain by an orc priest

Levels and vault maps discovered:
D:1:      roderic_dead_forest, layout_basic, corexii_corridor_pit,
          chequers_serial_rivers_room_b, minmay_cupped
D:2:      layout_basic, chequers_temple_overflow_statue_of_worship,
          due_unseen_surprise, uniq_robin, uniq_jessica
D:3:      layout_rooms, nicolae_overflow_hidden_temple, first_ration,
          minmay_quadrilaterals, uniq_terence, uniq_sigmund
D:4:      layout_loops_ring, serial_co_window_serial, co_window_cross_1,
          co_window_paths_a, co_window_of_opportunity_a, co_window_paths_a,
          co_window_corner_a, co_window_corner_a, co_window_of_opportunity_a,
          co_window_corner_ca, co_window_2corner, co_window_corner_b,
          glass_columns_a, guppyfry_early_orc_mine

Skill      XL: |  1  2  3  4  5 |
---------------+----------------+-----
Dodging        | 2 |  2.7
Fighting       | 2 |  2.5
Transmutations | 3 |  3.4
Spellcasting   | 3 |  3.1
Unarmed Combat | 4 |  4.0

Action                   |  1- 3 |  4- 6 || total
-------------------------+-------+-------++-------
Melee: Unarmed           |   107 |   230 ||   337
       Kick              |     4 |    17 ||    21
       Tailslap          |     8 |    24 ||    32
       Punch             |     3 |     6 ||     9
       Headbutt          |     8 |     4 ||    12
 Cast: Beastly Appendage |    13 |    20 ||    33
       Sticks to Snakes  |       |     3 ||     3
  Use: Scroll            |       |     1 ||     1
 Stab: Sleeping          |       |     1 ||     1
  Eat: Chunk             |     1 |     8 ||     9
Armor: Skin              |    31 |    65 ||    96
Dodge: Dodged            |    80 |   177 ||   257

Table legend:
 A = Non-vault XP
 B = Vault XP
 C = Vault XP percentage of total XP
 D = Non-vault monster count
 E = Vault monster count
 F = Vault count percentage of total count
                 A         B        C        D         E       F
            +---------+---------+-------+---------+---------+-------
      Total |     180 |     158 |  46.7 |      73 |      18 |  19.8
            +---------+---------+-------+---------+---------+-------
        D:1 |      45 |       3 |   6.2 |      20 |       2 |   9.1
        D:2 |      64 |      72 |  52.9 |      30 |      12 |  28.6
        D:3 |      71 |      83 |  53.9 |      23 |       4 |  14.8
            +---------+---------+-------+---------+---------+-------
